 Dungeon Crawl Stone Soup version 0.29.1-4-g47bece8355 (webtiles) character file.

Game seed: 15213532443458366817

7779 ChadusMaximus the Summoner (level 11, -5/54 HPs)
             Began as a Deep Elf Summoner on Dec 3, 2022.
             Slain by a komodo dragon (30 damage)
             ... on level 1 of the Lair of Beasts.
             The game lasted 00:31:39 (13156 turns).

ChadusMaximus the Summoner (Deep Elf Summoner)     Turns: 13156, Time: 00:31:39

Health: -5/54      AC:  8    Str:  5    XL:     11   Next: 1%
Magic:  10/28      EV: 12    Int: 25    God:
Gold:   387        SH:  3    Dex: 15    Spells: 16/33 levels left

rFire   . . .      SeeInvis .   Q - +4 trident
rCold   . . .      Faith    .   v - +0 buckler
rNeg    . . .      Spirit   .   M - +1 robe {Will+}
rPois   +          Reflect  .   y - +1 helmet
rElec   .          Harm     .   (no cloak)
rCorr   .          Rampage  .   B - +2 pair of gloves
Will    ++...                   (no boots)
Stlth   +++++.....              F - amulet of the acrobat
HPRegen 0.18/turn               h - ring of wizardry
MPRegen 0.21/turn               g - ring of poison resistance

@: no status effects
A: no striking features
a: no special abilities


You were on level 1 of the Lair of Beasts.
You visited 2 branches of the dungeon, and saw 10 of its levels.

You collected 717 gold pieces.
You spent 330 gold pieces at shops.

Inventory:

Hand Weapons
 d - a +0 short sword
 I - a +0 spear
 Q - a +4 trident (weapon)
Missiles
 S - a throwing net
Armour
 a - a +0 robe
 i - a +0 ring mail
 m - a +1 helmet
 v - a +0 buckler (worn)
 x - a +0 ring mail
 y - a +1 helmet (worn)
 B - a +2 pair of gloves (worn)
 G - the +2 robe of Xopism {SInv}
   (You found it on level 6 of the Dungeon)

   SInv:      It lets you see invisible.
 J - a +0 chain mail
 M - a +1 robe of willpower (worn)
Jewellery
 g - a ring of poison resistance (right hand)
 h - a ring of wizardry (left hand)
 F - an amulet of the acrobat (around neck)
 T - an amulet of regeneration
Wands
 A - a wand of roots (14)
 C - a wand of polymorph (13)
 N - a wand of paralysis (20)
 P - a wand of flame (9)
 W - a wand of digging (8)
Scrolls
 f - a scroll of silence {unknown}
 n - 2 scrolls of teleportation
 q - 4 scrolls of poison
 r - 3 scrolls of fear
 s - a scroll of vulnerability
 w - a scroll of magic mapping
 E - a scroll of amnesia
 H - 4 scrolls of immolation
 K - a scroll of noise
 R - a scroll of brand weapon {unknown}
Potions
 b - a potion of magic
 c - 4 potions of attraction {unknown}
 e - a potion of degeneration {unknown}
 j - 3 potions of flight
 k - 4 potions of heal wounds
 l - a potion of resistance {unknown}
 o - 2 potions of invisibility {unknown}
 p - 2 potions of lignification
 t - a potion of berserk rage {unknown}
 u - a potion of might {unknown}
 z - 3 potions of haste {unknown}
 D - 7 potions of curing
 L - 2 potions of cancellation {unknown}
 O - 2 potions of brilliance {unknown}
 U - 2 potions of ambrosia {unknown}
 V - a potion of mutation {unknown}


   Skills:
 - Level 2.9 Dodging
 + Level 11.3 Stealth
 + Level 11.5 Spellcasting
 * Level 13.6 Summonings


You had 16 spell levels left.
You knew the following spells:

 Your Spells              Type           Power      Damage    Failure   Level
a - Summon Small Mammal   Summ           100%       N/A       0%          1
b - Call Canine Familiar  Summ           70%        N/A       1%          3
c - Summon Lightning Spi  Summ/Air       48%        N/A       1%          4
d - Summon Guardian Gole  Hex/Summ       48%        N/A       1%          3
e - Summon Cactus Giant   Summ           35%        N/A       1%          6

Your spell library contained the following spells:

 Spells                   Type           Power      Damage    Failure   Level
 Call Imp                 Summ           70%        N/A       1%          2
 Sandblast                Erth           28%        2d8       2%          1
 Blink                    Tloc           28%        N/A       3%          2
 Passwall                 Tmut/Erth      11%        N/A       3%          2
 Poisonous Vapours        Pois/Air       28%        N/A       3%          2
 Scorch                   Fire           28%        2d6       3%          2
 Gell's Gravitas          Tloc           14%        N/A       7%          3
 Lesser Beckoning         Tloc           14%        N/A       7%          3
 Stone Arrow              Conj/Erth      28%        3d8       7%          3
 Teleport Other           Tloc           14%        N/A       7%          3
 Corpse Rot               Necr/Pois/Air  14%        N/A       22%         4
 Flame Wave               Conj/Fire      14%        2d6       22%         4
 Irradiate                Conj/Tmut      7%         3d14      52%         5
 Manifold Assault         Tloc           14%        N/A       52%         5
 Yara's Violent Unravell  Hex/Tmut       7%         3d5       52%         5
 Dispersal                Tloc           7%         N/A       96%         6
 Storm Form               Tmut/Air       7%         N/A       100%        7


Dungeon Overview and Level Annotations

Branches:
Dungeon (9/15)             Temple (0/1) D:6            Lair (1/5) D:8
    Orc: D:9-12

Altars:
Dithmenos
Kikubaaqudgha
Uskayaw
Xom

Shops:
D:3 *   D:5 (   D:7 !::   D:9 [


Message History

A wolf comes into view.
Your lightning spire cannot move out of your way!
Unknown command.
Casting: Summon Cactus Giant (dangerous; 1% risk of failure)
Confirm with . or Enter, or press ? or * to list all spells.
A water moccasin comes into view.
The wolf is struck by your cactus giant's spines.
The wolf dies!
Your lightning spire cannot move out of your way!
The wolf is struck by your cactus giant's spines.
The wolf dies!
Your cactus giant closely misses the komodo dragon.
The wolf bites your warg but does no damage.
You have reached level 11!
You puncture the plant!
The plant begins to die.
The plant is lightly damaged.
The wolf misses your warg.
Your warg bites the komodo dragon.
The wolf bites your warg. The komodo dragon bites you!!
Your warg barely misses the komodo dragon.
You hit the plant.
The plant is lightly damaged.
The wolf barely misses your warg.
Your warg bites the komodo dragon but does no damage.
The wolf bites your warg! You block the komodo dragon's attack.
Unknown command.
Unknown command.
You hit the plant.
The plant is lightly damaged.
A nearby plant withers and dies.
The wolf bites your warg!
Your warg bites the komodo dragon.
The water moccasin bites your warg!
Your warg is poisoned.
The water moccasin poisons your warg! The wolf misses your warg.
The komodo dragon bites you.
Your warg bites the komodo dragon.
The water moccasin is struck by your cactus giant's spines.
The water moccasin dies!
Your cactus giant hits the komodo dragon with a +0 giant spiked club!
The komodo dragon attacks as you move away!
The komodo dragon bites you!!
Ouch! That really hurt!
You die...

.............
#.....(......
##............
#.............
#.............
#.....h.†.... #...h.......
###.lC...... ####
#@.......# #..##
#.8####### #...###..###
#.....##...## ######
##.....##....#######.##P#
##.........##.............
#........######.........##
##......## #.....#..##
#.....## ###..#####


You could see a komodo dragon (ally target), a wolf, a friendly cactus giant
(summoned), a friendly warg (summoned, very poisoned) and a friendly lightning
spire (summoned).

Vanquished Creatures
  A hound (D:5)
  A dart slug (D:1)
  A ball python (D:3)
  4 bats
  3 endoplasms
  3 hobgoblins
  2 quokkas
  4 frilled lizards
  4 kobolds
  2 rats (D:1)
25 creatures vanquished.

Vanquished Creatures (collateral kills)
  2 komodo dragons (Lair:1)
  A cane toad (Lair:1)
  A troll (D:9)
  A hornet (D:7)
  Grinder (D:4)
  A nameless horror (D:9)
  A wyvern (D:8)
  10 yaks
  A basilisk (Lair:1)
  3 steam dragons
  Menkaure (D:4)
  Duvessa (D:5)
  3 orc warriors
  5 water moccasins
  A sky beast (D:7)
  2 black bears (D:8)
  2 wolves (Lair:1)
  An ogre (D:5)
  2 centaurs
  2 phantoms
  2 kobold brigands (D:9)
  8 bullfrogs
  A scorpion (D:6)
  A necrophage (D:5)
  Dowan (D:5)
  9 wights
  5 killer bees (D:8)
  4 howler monkeys
  2 jellies
  A hound (D:4)
  3 orc priests
  6 orc wizards
  2 gnolls (D:7)
  8 adders
  A white imp (D:6)
  An ufetubus (D:5)
  3 worms (D:2)
  29 orcs
  5 endoplasms
  5 goblins
  4 hobgoblins
  4 jackals (D:1)
  15 kobolds
  2 quokkas
  2 ball pythons (D:1)
  2 bats (D:3)
  2 frilled lizards
  A rat (D:2)
171 creatures vanquished.

Vanquished Creatures (others)
  A yak (D:9)
  A sky beast (D:7)
  A gnoll (D:7)
  14 fungi
  20 plants
37 creatures vanquished.

Grand Total: 233 creatures vanquished

Notes
Turn   | Place    | Note
-------+----------+-------------------------------------------
     0 | D:1      | ChadusMaximus the Deep Elf Summoner began the quest for the
                  | Orb.
     0 | D:1      | Reached XP level 1. HP: 10/10 MP: 6/6
   149 | D:1      | Reached XP level 2. HP: 15/15 MP: 6/8
  1677 | D:1      | Reached XP level 3. HP: 19/19 MP: 10/10
  1907 | D:1      | Learned a level 3 spell: Call Canine Familiar
  2375 | D:2      | Reached skill level 5 in Summonings
  2945 | D:2      | Noticed a phantom
  2962 | D:2      | Killed a phantom
  2963 | D:2      | Reached XP level 4. HP: 11/24 MP: 7/12
  2963 | D:2      | Reached XP level 5. HP: 13/28 MP: 7/13
  3825 | D:3      | Found Wuzahen's Assorted Antiques.
  3956 | D:3      | Learned a level 4 spell: Summon Lightning Spire
  4164 | D:3      | Found a faded altar of an unknown god.
  4660 | D:4      | Reached skill level 6 in Summonings
  4798 | D:4      | Noticed Grinder
  4805 | D:4      | Paralysed by Grinder for 4 turns
  4819 | D:4      | Killed Grinder
  4820 | D:4      | Reached skill level 5 in Stealth
  4820 | D:4      | Reached skill level 5 in Spellcasting
  4820 | D:4      | Reached XP level 6. HP: 26/32 MP: 11/16
  5172 | D:4      | Noticed Menkaure
  5187 | D:4      | Killed Menkaure
  5188 | D:4      | Reached skill level 7 in Summonings
  5188 | D:4      | Reached XP level 7. HP: 36/36 MP: 8/17
  5771 | D:5      | Entered Level 5 of the Dungeon
  5813 | D:5      | Found Ythreyseo's Weapon Emporium.
  5833 | D:5      | Got the Vellum of Transformation
  6298 | D:5      | Noticed Dowan
  6301 | D:5      | Noticed Duvessa
  6312 | D:5      | Killed Duvessa
  6313 | D:5      | Reached skill level 8 in Summonings
  6355 | D:5      | Killed Dowan
  6356 | D:5      | Reached XP level 8. HP: 41/41 MP: 7/20
  6455 | D:5      | Found an ancient bone altar of Kikubaaqudgha.
  7037 | D:6      | Identified the +2 robe of Xopism {SInv}
  7056 | D:6      | Found a staircase to the Ecumenical Temple.
  7456 | D:6      | Learned a level 3 spell: Summon Guardian Golem
  7818 | D:7      | Reached skill level 9 in Summonings
  7938 | D:7      | Found Qaro Dite's Book Shop.
  7948 | D:7      | Bought a book of Scorching for 330 gold pieces
  7957 | D:7      | Learned a level 6 spell: Summon Cactus Giant
  8216 | D:7      | Found a shadowy altar of Dithmenos.
  8216 | D:7      | Found a shimmering altar of Xom.
  8217 | D:7      | Found a hide-covered altar of Uskayaw.
  8273 | D:7      | Noticed a hornet
  8284 | D:7      | Killed a hornet
  8368 | D:7      | Found Vuinoruo's Book Boutique.
  8373 | D:7      | Reached skill level 10 in Summonings
  8921 | D:7      | Reached XP level 9. HP: 45/45 MP: 16/23
  9023 | D:7      | Found Jeot's Distillery.
  9472 | D:8      | Reached skill level 11 in Summonings
  9627 | D:8      | Found a staircase to the Lair.
 10447 | D:9      | Noticed a nameless horror
 10828 | D:9      | Reached XP level 10. HP: 50/50 MP: 16/25
 11055 | D:9      | Reached skill level 10 in Spellcasting
 11094 | D:9      | Reached skill level 12 in Summonings
 11177 | D:9      | Reached skill level 10 in Stealth
 11992 | D:9      | Killed a nameless horror
 12097 | D:9      | Found Niklebaruv's Antique Armour Shoppe.
 12193 | Lair:1   | Entered Level 1 of the Lair of Beasts
 12462 | Lair:1   | Reached skill level 13 in Summonings
 12810 | Lair:1   | Noticed a cane toad
 12818 | Lair:1   | Killed a cane toad
 13153 | Lair:1   | Reached XP level 11. HP: 54/54 MP: 9/28
 13156 | Lair:1   | Slain by a komodo dragon

Illustrated notes

Levels and vault maps discovered:
D:1:      lightli_arrival_isolated_outpost, layout_basic
D:2:      layout_rooms
D:3:      layout_basic, serial_shops, shop,
          ebering_ecumenical_altar_sacrificial, st_stairs_14, nrook_uturn,
          hangedman_decor_growths
D:4:      layout_cave_pods, uniq_grinder, uniq_menkaure
D:5:      layout_rooms, kennysheep_little_box, serial_shops,
          nicolae_shop_bloodbath_and_beyond, uniq_duvessa
D:6:      layout_cave_pods, minmay_temple_entry_grid
D:7:      layout_loops_corners, gammafunk_temple_overflow_forgotten,
          serial_shops, nicolae_shop_statue_plus, nicolae_square_shop,
          shop_fountains
D:8:      layout_gridville, grunt_lair_entry_orc_guard_hut,
          minmay_misc_feat_alley
D:9:      layout_gridville, serial_shops, shop
Lair:1:   layout_cave_pods, cheibrodos_lair_reptile_den

Skill      XL: |  1  2  3  4  5  6  7  8  9 10 |
---------------+-------------------------------+-----
Stealth        | 3 5 6 8 9 11 | 11.3
Summonings     | 5 6 7 8 10 11 13 | 13.6
Spellcasting   | 4 5 6 8 9 11 | 11.5
Dodging        | |  2.9

Action                   |  1- 3 |  4- 6 |  7- 9 | 10-12 || total
-------------------------+-------+-------+-------+-------++-------
Melee: Short sword       |    87 |    30 |     9 |       ||   126
       Punch             |     1 |       |       |       ||     1
       Spear             |       |       |     7 |       ||     7
       Trident           |       |       |       |     4 ||     4
 Cast: Summon Small Mamm |    33 |    17 |    54 |    17 ||   121
       Call Canine Famil |     7 |    13 |    25 |    14 ||    59
       Summon Lightning  |       |     3 |     7 |    20 ||    30
       Summon Cactus Gia |       |       |    21 |    17 ||    38
       Summon Guardian G |       |       |     5 |     3 ||     8
  Use: Potion            |     2 |       |       |       ||     2
       Scroll            |       |       |    11 |       ||    11
 Stab: Sleeping          |     1 |     3 |       |       ||     4
       Distracted        |     1 |       |     2 |       ||     3
Armor: Robe              |    25 |     9 |    18 |     3 ||    55
Dodge: Dodged            |    75 |    20 |    31 |    10 ||   136
Block: Buckler           |       |       |     7 |     5 ||    12
